[Event "Polish Youth G18 Championship 2023"]
[Site "Jastrzebia Gora"]
[Date "2023.03.16"]
[Round "6.1"]
[White "Hertlein, Irena"]
[Black "Goraj, Barbara"]
[Result "0-1"]
[ECO "D05"]
[WhiteElo "1994"]
[BlackElo "2130"]
[Annotator "TA"]
[PlyCount "64"]
[EventDate "2023.03.11"]
[EventType "swiss"]
[EventCountry "POL"]
[SourceTitle "playchess.com"]
[Source "ChessBase"]
[SourceQuality "1"]
[TimeControl "40/5400+30:1800+30"]

1. d4 d5 2. Nf3 Nf6 3. e3 c5 4. b3 e6 5. Bd3 Be7 6. Nbd2 Nc6 7. Bb2 O-O 8. O-O Nb4 9. Be2 b6 10. a3 Nc6 11. Bd3 Bb7 12. c4 {[%emt 0:07:02] D05: Colle System with ...e6.} Rc8 13. Rc1 Bd6 14. cxd5 {[%emt 0:13:55] The position is equal.} exd5 15. Ne5 Re8 16. f4 Qe7 17. Ra1 (17. Re1 {simplifies} cxd4 18. exd4 Bxa3 19. Nxc6 Qxe1+ 20. Qxe1 Rxe1+ 21. Rxe1 Bxb2 22. Ne7+) 17... Na5 {[%emt 0:04:07][%cal Oc5c4] [#]} 18. Qb1 $146 {[%emt 0:09:36] [#]} (18. Re1 $11) ({Predecessor:} 18. Kh1 Rc7 19. dxc5 bxc5 20. Ng4 Nxg4 21. Qxg4 g6 22. f5 h5 23. Qd1 d4 24. e4 Qh4 25. Nf3 Qg4 26. Nd2 Qxd1 27. Raxd1 {0-1 Asabri,H (2228)-Brueggemann,J (2347) Balatonlelle IM 25th 2007 (3)}) 18... a6 (18... c4 $1 $17 19. bxc4 dxc4 20. Ndxc4 Nxc4 {[%mdl 64] Remove Defender} 21. Bxc4 (21. Nxc4 Rxc4 {[%mdl 64] Remove Defender} 22. Bxc4 Qxe3+ 23. Kh1 Rc8 $17) 21... Bxe5 {[%mdl 64] Remove Defender} 22. fxe5 Rxc4) 19. g4 $2 {[%emt 0:11:13] [#]} (19. dxc5 $11 {and White is okay.} bxc5 20. Qc2) 19... c4 $1 $19 20. bxc4 (20. g5 cxd3) 20... dxc4 21. g5 $2 (21. Bf5 c3 22. Bxc8 cxb2 23. Qxb2 Rxc8 24. Qxb6) 21... cxd3 22. gxf6 gxf6 {[%emt 0:01:19] ...Rc2 is the strong threat.} 23. Qxd3 fxe5 24. fxe5 Qg5+ 25. Kf2 {[%emt 0:00:01] Black must now prevent Rg1.} Qg2+ 26. Ke1 Be7 27. e4 Bh4+ 28. Kd1 Bg5 {[%emt 0:00:02] ...Bxd2 would be deadly.} 29. Nf3 Qxb2 30. Nxg5 Qxa1+ {[%emt 0:00:29] Black mates.} 31. Ke2 Qb2+ 32. Ke3 Rc3 {[%emt 0:00:09] A cool game by Goraj.   Weighted Error Value: White=1.30/Black=0.38} 0-1

[Event "Polish Youth G18 Championship 2023"]
[Site "Jastrzebia Gora"]
[Date "2023.03.16"]
[Round "6.2"]
[White "Starosta, Martyna"]
[Black "Kucharska, Helena"]
[Result "1-0"]
[ECO "D31"]
[WhiteElo "2138"]
[BlackElo "1779"]
[Annotator "TA"]
[PlyCount "45"]
[EventDate "2023.03.11"]
[EventType "swiss"]
[EventCountry "POL"]
[SourceTitle "playchess.com"]
[Source "ChessBase"]
[SourceQuality "1"]
[TimeControl "40/5400+30:1800+30"]

1. d4 d5 2. c4 c6 3. Nc3 e6 4. e4 dxe4 5. Nxe4 Bb4+ 6. Bd2 Qxd4 7. Bxb4 Qxe4+ 8. Be2 Nd7 9. Nf3 c5 10. Bc3 Ngf6 11. Qd6 {[%emt 0:01:46] D31: Queen's Gambit Declined: Semi-Slav without ...Nf6 (+ Marshall Gambit and Noteboom) and Exchange Variation lines without ...Nf6.} Qc6 (11... a5 $14) 12. Qg3 {[%emt 0:00:12] Ne5 is the strong threat. White is much more active. The black rooks are badly placed.} Rg8 {[%emt 0:14:15] [#]} (12... O-O $14) 13. Ne5 $146 {[%emt 0:06:13] White is clearly better.} ({Predecessor:} 13. O-O Ne4 14. Qf4 Nxc3 15. bxc3 Nf6 16. Ne5 Qe4 17. Qxe4 Nxe4 18. Rac1 f6 19. Nd3 {½-½ Gales,R (1509)-Ignatescu,R (2294) ROM-ch blitz 2022 (1)}) 13... Qe4 14. Nxd7 Nxd7 15. Kf1 {[%emt 0:01:35] Threatens to win with Bd3.} f5 $2 {[%emt 0:14:45][%mdl 8192] This costs Black the game.} (15... Qg6 $16) 16. Re1 g6 17. Bd3 {[%emt 0:02:19][%mdl 64] [#] Deflection} Qg4 (17... Qc6 $142 18. Bxf5 {[%mdl 64] Pin} Nf8) 18. Rxe6+ $18 Kf7 {[%emt 0:02:25] Black is weak on the dark squares} 19. Qd6 Re8 {[%emt 0:04:23] [#] Prevents Qe7+} 20. Rf6+ $1 {[%emt 0:01:58][%mdl 512] White mates.} Kg8 (20... Kg7 21. Rxg6+) 21. Qd5+ Kg7 22. Qf7+ Kh6 23. Bd2+ {[%emt 0:00:06] Weighted Error Value: White=0.13 (very precise) /Black=1.20} 1-0

[Event "Polish Youth G18 Championship 2023"]
[Site "Jastrzebia Gora"]
[Date "2023.03.16"]
[Round "6.3"]
[White "Zabrzanska, Weronika"]
[Black "Barwinska, Ewa"]
[Result "1-0"]
[ECO "B10"]
[WhiteElo "2021"]
[BlackElo "1963"]
[Annotator "TA"]
[PlyCount "127"]
[EventDate "2023.03.11"]
[EventType "swiss"]
[EventCountry "POL"]
[SourceTitle "playchess.com"]
[Source "ChessBase"]
[SourceQuality "1"]
[TimeControl "40/5400+30:1800+30"]

1. e4 c6 2. Nf3 d5 3. Nc3 Nf6 4. e5 Ne4 5. d4 Nxc3 6. bxc3 {[%emt 0:00:04] B11: Caro-Kann: Two Knights Variation.} e6 7. Be2 c5 8. O-O {[%emt 0:01:12] The position is equal.} c4 9. Ng5 h6 10. Nh3 Nc6 11. f4 Qa5 12. Bd2 Bd7 13. g4 (13. Rb1 $15) 13... O-O-O 14. f5 {[%emt 0:03:52] [#]} exf5 $146 ({Predecessor:} 14... Be7 15. fxe6 fxe6 16. Nf4 Bg5 17. Ng6 Rhg8 18. Bxg5 hxg5 19. Qd2 Qa3 20. Rf3 Be8 21. Qxg5 {0-1 Munoz Pantoja,M (2451)-Alonso Rosell,A (2524) ESP-ch rapid 2016 (9)}) 15. gxf5 g6 $1 16. Bg4 {[%emt 0:27:41] Strongly threatening fxg6.} h5 17. Ng5 Nxe5 $2 ({Black should play} 17... hxg4 $19 18. Nxf7 Nxe5 19. Nxh8 Bxf5) 18. Bh3 $1 $36 {[%emt 0:04:22][%mdl 2048] White is more active.} f6 (18... Qb6 $2 19. Rb1 Qc6 20. dxe5 $18) 19. dxe5 (19. Ne6 $1 $14 Ng4 20. Nxd8 (20. Bxg4 hxg4 21. Nxd8 Qxd8 $14) 20... Qxd8 21. fxg6 (21. Bxg4 hxg4 22. fxg6 Bd6 $16)) 19... fxg5 $15 20. Bxg5 {[%emt 0:03:38] Black must now prevent e6.} Bc5+ 21. Kh1 Rde8 (21... Qxc3 $1 $15 22. Qf3 (22. Qxd5 $2 Bc6 $19) (22. Bxd8 Qxh3 23. Rf3 Qg4 $19) 22... Qxf3+ 23. Rxf3 Rdf8) 22. Bg2 (22. Qxd5 $2 Bc6 23. fxg6+ Kb8 $19) (22. Qd2 $14) 22... gxf5 $11 (22... Rxe5 $2 23. Bf6 (23. Bxd5 $2 Rxd5 {[%mdl 64] Remove Defender} 24. Qxd5 Bc6 $19) 23... Rhe8 24. Bxe5 Rxe5 25. fxg6 $18 (25. Bxd5 $2 Rxd5 {[%mdl 64] Remove Defender} 26. Qxd5 Bc6 $19)) (22... Bxf5 {is more complex.} 23. Qxd5 Rh7 24. Rab1 Bb6) 23. Bxd5 Qc7 24. Bf6 (24. Bxc4 $2 Rxe5 25. Be2 Rg8 $19) 24... Rhf8 25. Qf3 Kb8 26. Rab1 Bb6 (26... b6 $5) 27. Rb4 (27. Qxh5 Rg8 $14) 27... Be6 28. Rd1 ({White should try} 28. Rxc4 $14 Qd7 29. Bxe6 Qxe6 30. Rf4) 28... Bxd5 (28... Rg8 $15 29. Rxc4 (29. Qxh5 $2 Bxd5+ {[%mdl 64] Deflection} 30. Rxd5 Rg1#) 29... Qf7 30. Bxe6 Qxe6) 29. Qxd5 Rc8 (29... Qh7 {is interesting.} 30. Rf1 h4 31. a4 f4) 30. Rf1 Ba5 (30... Ka8 $11) 31. Rb5 $1 $16 {[%emt 0:04:00] White has more active pieces.} Bxc3 {[%emt 0:00:07] [#]} 32. Rg1 $2 (32. Rxf5 Rf7) (32. Rf3 $1 $16 a6 33. Rb1) 32... Qc6 33. Rg7 Qxd5+ 34. Rxd5 Rc6 35. Rdd7 Rb6 36. Be7 {[%emt 0:01:25][%mdl 1024] White has compensation.} Re8 37. Bd6+ Ka8 38. Rg3 Rb1+ (38... Bxe5 $2 39. Re7 (39. Bxe5 Rbe6 $18) 39... Rb1+ 40. Kg2 $18) (38... Bd4 $11 {keeps the balance.}) 39. Kg2 Ba5 (39... Bxe5 $2 40. Re7 Rc8 41. Bxe5 $18) (39... Bb4 $142) 40. Ra3 ({Better is} 40. Rdg7 $16 {Rg8 is the strong threat.} b5 41. Rg8 Rxg8 42. Rxg8+ Kb7 43. e6) 40... Bb6 $11 41. Rc3 Rg1+ 42. Kh3 Rg4 43. Rf7 {[%emt 0:00:27] Hoping for e6.} Bd4 44. Rf3 {[%emt 0:01:41] Threatens to win with c3.} a6 (44... Bxe5 $2 45. Bxe5 Re4 46. R7xf5 $18) (44... b5 $11) 45. R7xf5 $16 {[%emt 0:01:31] And now Rf8 would win.} (45. R3xf5 $6 Re4 $11) 45... b5 $2 {[%emt 0:05:57] [#] Black cannot hold the game after this.} (45... Ka7 $16 46. R3f4 (46. Rxh5 Re4 $14) 46... Rxf4 47. Rxf4 Bb2) 46. Rf8 $1 $18 (46. Rxh5 Re4 $14) 46... Rxf8 47. Rxf8+ {[%emt 0:00:07][%mdl 4096] Endgame KRB-KRB} Kb7 48. e6 Kc6 49. e7 Re4 50. Bb4 (50. e8=R Rxe8 51. Rxe8 Kxd6 $18) (50. e8=N Re2 51. Bg3 (51. Rf4 Bc3 $15) 51... Rxc2 $15) 50... a5 $2 (50... Bc3 {was called for.} 51. Rc8+ (51. e8=Q+ Rxe8 52. Rxe8 Bxb4 $16) 51... Kd7 52. Rd8+ (52. Bxc3 $2 Kxc8 53. Bb4 Kd7 $19) 52... Kc6 53. Bxc3 (53. e8=B+ Rxe8 54. Rxe8 Bxb4 $18) 53... Rxe7) 51. Ba3 $2 ({Weaker is} 51. e8=B+ Kb6 $18) (51. e8=Q+ Rxe8 52. Rxe8 axb4 53. Kh4) 51... b4 $2 {[%emt 0:02:04] [#]} (51... Re3+ $2 52. Kh4 $18) (51... Bb2 {is tougher.} 52. Bxb2 (52. e8=R Rxe8 53. Rxe8 Bxa3 $16) 52... Rxe7) 52. Bxb4 $1 {[%emt 0:00:30][%mdl 576] Promotion} axb4 (52... Bc3 53. Bxc3) 53. e8=Q+ Rxe8 54. Rxe8 {[%emt 0:00:08] KR-KB} Kd5 55. Kh4 Bf2+ 56. Kxh5 {[%emt 0:00:06] White mates.} Kd4 57. Kg4 Kc3 58. Rc8 Be1 59. h4 Bd2 60. Kf3 Kxc2 61. Rxc4+ Kb2 62. Ke2 Bc3 63. Kd3 Be1 64. Rc2+ {[%emt 0:00:05] Weighted Error Value: White=0.29 (precise) /Black=0.43} 1-0

[Event "Polish Youth G18 Championship 2023"]
[Site "Jastrzebia Gora"]
[Date "2023.03.16"]
[Round "6.4"]
[White "Nowak, Roksana"]
[Black "Lukasik, Zuzanna"]
[Result "1-0"]
[ECO "B67"]
[WhiteElo "1816"]
[BlackElo "1781"]
[Annotator "NA RC COMBH"]
[PlyCount "181"]
[EventDate "2023.03.11"]
[EventType "swiss"]
[EventCountry "POL"]
[SourceTitle "playchess.com"]
[Source "ChessBase"]
[SourceQuality "1"]
[TimeControl "40/5400+30:1800+30"]

1. e4 c5 2. Nf3 Nc6 3. d4 cxd4 4. Nxd4 Nf6 5. Nc3 d6 6. Bg5 e6 7. Qd2 a6 8. O-O-O Bd7 9. f4 Rc8 10. Nf3 Be7 11. Bxf6 Bxf6 12. Qxd6 Bxc3 13. bxc3 Qe7 14. Be2 Qxd6 15. Rxd6 Ke7 16. Rhd1 Rc7 17. Bc4 ({White should play} 17. e5 $14) 17... h6 (17... Rhc8 $1 $11) 18. g4 (18. Bb3 $1 $14) 18... Rd8 (18... Na5 $11 19. Ne5 Be8) 19. Bb3 Be8 20. e5 Rcd7 21. Rxd7+ Bxd7 22. h3 Rc8 23. Nd2 Na5 24. Ne4 $1 Rc7 25. Rd4 Bc6 26. Nd6 f6 27. Kd2 Bd7 ({Better is} 27... fxe5 $11 28. fxe5 g5) 28. exf6+ Kxf6 29. Ne4+ Ke7 30. g5 Nc6 31. Rd3 hxg5 32. Nxg5 Nd8 33. Re3 Rc5 34. Ke2 Rf5 35. Kf3 Kf6 36. h4 Bc6+ ({Black should try} 36... e5 $14) 37. Kg4 Bd7 38. Kg3 g6 39. Nf3 Rc5 40. Rd3 Ke7 41. Ng5 (41. Ne5 $16 Be8 42. Re3) 41... Rf5 42. Re3 (42. c4 $14) 42... Rc5 43. a4 Rf5 ({Black should play} 43... a5 $14) 44. Nf3 Rf6 (44... Rc5 $14) 45. Ne5 Nc6 46. Nxc6+ Bxc6 47. Re5 Bd7 48. Kg4 (48. Rg5 $142) 48... Rf8 {[%emt 0:04:08] [#]} 49. Bd5 (49. Kg5 $1 $16) 49... b6 50. Bc4 Kf6 (50... Rc8 $1 $11 {keeps the balance.} 51. Bxa6 Rxc3) 51. Bxa6 Bxa4 52. Bd3 Rc8 (52... Ra8 $142) 53. Rg5 ({Only move:} 53. c4 $16) 53... Be8 (53... Rxc3 $11 {keeps the balance.} 54. Rxg6+ (54. Bxg6 Bxc2 55. Bxc2 Rxc2 $11) 54... Kf7) 54. c4 Rc7 55. Re5 Rc8 56. Kg3 Rc7 57. Rg5 Rc8 58. Kf3 Rc7 59. Ke3 Rh7 60. Rg4 Rh5 61. Kd4 Bf7 62. Be2 (62. Kc3 $16) 62... Be8 63. Ke3 Bf7 (63... Bc6 $11) 64. Kf3 Ra5 (64... Ke7 $14) 65. Rg5 Ra3+ 66. Bd3 Ra1 (66... Be8 $16) 67. Rb5 Ra6 68. c5 $2 (68. Ke3 $18) 68... bxc5 69. Rxc5 Rd6 70. Ke4 Be8 71. Ra5 ({White should try} 71. Rc8 Bc6+ 72. Ke3) 71... Bc6+ 72. Ke3 $16 Rd8 73. h5 gxh5 74. Rxh5 Ke7 75. Rh6 Bd7 76. c4 Rc8 {[%emt 0:00:34] [#]} ({Black should try} 76... Ba4 77. Rh5 Bc6 78. Rh7+ Kd6) 77. Kd4 (77. Rh7+ $1 $18 {is the precise move to win.} Kd6 78. Kd4) 77... Rc7 $2 (77... Be8 $16 {is a better chance.} 78. Be4 Bc6) 78. Be4 $2 (78. c5) 78... Rc8 $2 (78... Ba4 79. Rh7+ Kd6 80. Rxc7 Kxc7) 79. Rh7+ Kd8 (79... Ke8) 80. Rh8+ $2 (80. f5 $18 exf5 81. Bf3) 80... Kc7 $2 81. Rxc8+ Bxc8 82. c5 Kd7 83. Ke5 Ke7 $2 (83... Ba6 $16 84. c6+ Ke7) 84. Bd3 Bd7 85. Bc4 Kf7 86. f5 Ke7 87. Bxe6 Bc6 88. f6+ Kf8 89. Kd6 Be8 90. Bd7 Bg6 91. c6 1-0

[Event "Polish Youth G18 Championship 2023"]
[Site "Jastrzebia Gora"]
[Date "2023.03.16"]
[Round "6.5"]
[White "Mroz, Lena"]
[Black "Krzyzosiak, Marta"]
[Result "0-1"]
[ECO "B09"]
[WhiteElo "1635"]
[BlackElo "1778"]
[Annotator "NA RC COMBH"]
[PlyCount "118"]
[EventDate "2023.03.11"]
[EventType "swiss"]
[EventCountry "POL"]
[SourceTitle "playchess.com"]
[Source "ChessBase"]
[SourceQuality "1"]
[TimeControl "40/5400+30:1800+30"]

1. e4 d6 2. d4 Nf6 3. Nc3 g6 4. f4 Bg7 5. Nf3 O-O 6. e5 Nfd7 7. h4 c5 8. h5 cxd4 9. Qxd4 dxe5 10. Qg1 e4 11. Ng5 Nf6 12. hxg6 hxg6 13. Be3 Bg4 14. Be2 Bxe2 15. Nxe2 Qa5+ 16. Bd2 Qb5 17. Bc3 Rd8 18. Qh2 Nc6 19. a3 e3 20. Ne4 Qa4 21. Nxf6+ exf6 22. Rc1 Rd7 23. g4 Rad8 24. b3 Qe4 25. O-O Qd5 26. Ng3 Nd4 27. Qg2 Qxg2+ 28. Kxg2 Nb5 29. Bb4 b6 30. a4 Nd4 31. Bc3 Rc8 32. Bxd4 Rxd4 33. Kf3 Rd2 34. Kxe3 Rdxc2 35. Rxc2 Rxc2 36. Ne2 Rb2 37. Nc1 Bf8 38. Ke4 Rb1 39. Kd3 Ba3 40. Kc2 Rxc1+ 41. Rxc1 Bxc1 42. Kxc1 Kf8 43. Kd2 Ke7 44. Ke3 Ke6 45. Ke4 a5 46. Ke3 f5 47. g5 f6 48. gxf6 Kxf6 49. Kd3 g5 50. fxg5+ Kxg5 51. Kc4 f4 52. Kb5 f3 53. Kxb6 f2 54. Kxa5 f1=Q 55. b4 Qf2 56. Ka6 Qf6+ 57. Ka5 Qe7 58. b5 Qa7+ 59. Kb4 Kf5 0-1

[Event "Polish Youth G18 Championship 2023"]
[Site "Jastrzebia Gora"]
[Date "2023.03.16"]
[Round "6.6"]
[White "Jedrzejko, Martyna"]
[Black "Arciszewska, Zuzanna"]
[Result "1/2-1/2"]
[ECO "C45"]
[WhiteElo "1629"]
[BlackElo "1750"]
[Annotator "NA RC COMBH"]
[PlyCount "75"]
[EventDate "2023.03.11"]
[EventType "swiss"]
[EventCountry "POL"]
[SourceTitle "playchess.com"]
[Source "ChessBase"]
[SourceQuality "1"]
[TimeControl "40/5400+30:1800+30"]

1. e4 e5 2. Nf3 Nc6 3. d4 exd4 4. Nxd4 Bc5 5. Nb3 Bb6 6. Nc3 d6 7. Qe2 Nf6 8. Be3 Be6 9. O-O-O Qe7 10. f3 O-O 11. Kb1 Rfd8 12. g4 Ne5 13. g5 Nfd7 14. Qf2 a5 15. h3 a4 16. Nd4 Nc4 17. Bxc4 Bxc4 18. Nf5 Qe5 19. f4 Bxe3 20. Qxe3 Qc5 21. Qd4 Qxd4 22. Rxd4 Nb6 23. Ne3 Be6 24. f5 Bd7 25. h4 Bc6 26. h5 Ra5 27. Rg1 Re8 28. Ng4 Nd7 29. h6 Ne5 30. hxg7 Nxg4 31. Rxg4 Kxg7 32. Kc1 Rae5 33. Rh4 b5 34. a3 Bb7 35. Rb4 Bc6 36. Rd4 Bb7 37. Rb4 Bc6 38. Rd4 1/2-1/2

[Event "Polish Youth G18 Championship 2023"]
[Site "Jastrzebia Gora"]
[Date "2023.03.16"]
[Round "6.7"]
[White "Uliasz, Katarzyna"]
[Black "Skolska, Emilia"]
[Result "0-1"]
[ECO "A08"]
[WhiteElo "1670"]
[BlackElo "1586"]
[Annotator "NA RC COMBH"]
[PlyCount "100"]
[EventDate "2023.03.11"]
[EventType "swiss"]
[EventCountry "POL"]
[SourceTitle "playchess.com"]
[Source "ChessBase"]
[SourceQuality "1"]
[TimeControl "40/5400+30:1800+30"]

1. g3 d5 2. Nf3 c5 3. Bg2 Nc6 4. O-O e5 5. d3 f6 6. c4 d4 7. e3 Be6 8. exd4 cxd4 9. Re1 Qd7 10. a3 a5 11. Nbd2 O-O-O 12. Qa4 Qc7 13. Rb1 Bd7 14. Qc2 g5 15. c5 h5 16. b4 Be6 17. b5 Nb8 18. c6 bxc6 19. b6 Qb7 20. Nc4 Bxc4 21. Qxc4 Rd7 22. Nd2 Ne7 23. Nb3 Qxb6 24. Bd2 Qc7 25. Nxa5 Nd5 26. Rb7 Qd6 27. Bxd5 Qxd5 28. Rxb8+ Kxb8 29. Nxc6+ Kc7 30. Ba5+ Kd6 31. Bb4+ Ke6 32. Qa6 Kf7 33. Nb8 Rc7 34. Ba5 Rc2 35. Qa7+ Kg6 36. Qb6 Bd6 37. Na6 Rc6 38. Qb7 Qxa5 39. Nb4 Bxb4 40. Qxc6 Bxe1 41. Qe4+ Kh6 42. f4 Qd2 43. fxg5+ Qxg5 44. Kg2 Bd2 45. Qc6 Rg8 46. Kf1 Qf5+ 47. Ke2 Be3 48. Qg2 Rc8 49. g4 Rc2+ 50. Kd1 Qxd3+ 0-1

[Event "Polish Youth G18 Championship 2023"]
[Site "Jastrzebia Gora"]
[Date "2023.03.16"]
[Round "6.8"]
[White "Labedz, Gabriela"]
[Black "Bugaj, Hanna"]
[Result "1/2-1/2"]
[ECO "B07"]
[WhiteElo "1425"]
[BlackElo "1639"]
[Annotator "NA RC COMBH"]
[PlyCount "71"]
[EventDate "2023.03.11"]
[EventType "swiss"]
[EventCountry "POL"]
[SourceTitle "playchess.com"]
[Source "ChessBase"]
[SourceQuality "1"]
[TimeControl "40/5400+30:1800+30"]

1. e4 d6 2. d4 Nf6 3. Nc3 Nc6 4. g3 g6 5. Bg2 Bg7 6. Nge2 e5 7. d5 Ne7 8. O-O O-O 9. h3 c6 10. Be3 cxd5 11. Nxd5 Nfxd5 12. exd5 f5 13. Qd2 b6 14. c4 Ba6 15. Rac1 Rc8 16. b3 Rc7 17. f4 e4 18. Bd4 Bc8 19. Bxg7 Kxg7 20. Nd4 Bd7 21. Qb2 Kf7 22. Qe2 Ng8 23. g4 Qf6 24. Rcd1 Ne7 25. g5 Qg7 26. Rfe1 Kg8 27. h4 h5 28. Rd2 Rd8 29. Qe3 Nc8 30. Bf1 Ne7 31. b4 Qf7 32. a4 Rdc8 33. Qb3 Kf8 34. b5 Ra8 35. Qa3 Nc8 36. Qb4 1/2-1/2

[Event "Polish Youth G18 Championship 2023"]
[Site "Jastrzebia Gora"]
[Date "2023.03.16"]
[Round "6.9"]
[White "Gaczol, Julia"]
[Black "Obrochta, Lena"]
[Result "1/2-1/2"]
[ECO "B42"]
[WhiteElo "1419"]
[BlackElo "1673"]
[Annotator "NA RC COMBH"]
[PlyCount "117"]
[EventDate "2023.03.11"]
[EventType "swiss"]
[EventCountry "POL"]
[SourceTitle "playchess.com"]
[Source "ChessBase"]
[SourceQuality "1"]
[TimeControl "40/5400+30:1800+30"]

1. e4 c5 2. Nf3 e6 3. d4 cxd4 4. Nxd4 a6 5. Bd3 Bc5 6. Nb3 Be7 7. Qg4 g6 8. Qe2 d6 9. O-O Nd7 10. a4 b6 11. Na3 Qc7 12. Nc4 Bb7 13. Be3 Ngf6 14. a5 b5 15. Nb6 Rb8 16. c4 b4 17. Qd2 Nxe4 18. Bxe4 Bxe4 19. Qxb4 Bb7 20. Rac1 O-O 21. Rfd1 e5 22. Qc3 Nf6 23. f4 Ng4 24. fxe5 dxe5 25. h3 Bb4 26. Qxb4 Nxe3 27. Rd2 Rfd8 28. Qc5 Qxc5 29. Rxd8+ Rxd8 30. Nxc5 Bc6 31. Re1 Nxg2 32. Rxe5 Nf4 33. h4 Rd2 34. Nd5 Nxd5 35. cxd5 Bxd5 36. Nxa6 Bc4 37. Nc7 Rxb2 38. Re8+ Kg7 39. Re4 Bd3 40. Ra4 Rc2 41. Nd5 Bb5 42. Ra3 h5 43. a6 Bxa6 44. Rxa6 Rc4 45. Kg2 Rxh4 46. Kg3 Rd4 47. Nf4 Rc4 48. Ra5 Kh6 49. Ra6 Rc5 50. Rf6 Rc3+ 51. Kh4 Kg7 52. Rb6 Rf3 53. Nxh5+ gxh5 54. Kxh5 Rg3 55. Kh4 Rg1 56. Kh5 f5 57. Kh4 Rg6 58. Rxg6+ Kxg6 59. Kg3 1/2-1/2

[Event "Polish Youth G18 Championship 2023"]
[Site "Jastrzebia Gora"]
[Date "2023.03.16"]
[Round "6.10"]
[White "Czerwinska, Oliwia"]
[Black "Bukala, Weronika"]
[Result "0-1"]
[ECO "B12"]
[WhiteElo "1369"]
[BlackElo "1899"]
[Annotator "NA RC COMBH"]
[PlyCount "120"]
[EventDate "2023.03.11"]
[EventType "swiss"]
[EventCountry "POL"]
[SourceTitle "playchess.com"]
[Source "ChessBase"]
[SourceQuality "1"]
[TimeControl "40/5400+30:1800+30"]

1. e4 c6 2. d4 d5 3. e5 Bf5 4. Nd2 e6 5. Nb3 Nd7 6. f4 h5 7. Nf3 Be7 8. c3 Nh6 9. Be2 Bg6 10. Be3 Rc8 11. O-O b6 12. Rc1 b5 13. a3 Nb6 14. Bf2 Nc4 15. Bxc4 bxc4 16. Nc5 Ng4 17. b4 cxb3 18. Qxb3 Qb6 19. Qxb6 (19. Qb4 $15) 19... axb6 20. Na4 Rb8 ({Not} 20... Bxa3 21. Ra1 Bf8 22. Nxb6 $11) (20... b5 $19 21. Nc5 Ra8) 21. Ra1 O-O 22. h3 Nxf2 23. Rxf2 c5 (23... Be4 $17 24. Ng5 Bg6) 24. Rb2 Ra8 25. Nxb6 Ra7 26. a4 Rb8 27. a5 Bd3 28. Ne1 Be4 29. Rb5 cxd4 30. cxd4 Bd8 31. Rc1 Ra6 32. Rc6 Bh4 (32... g5 $11) 33. Kf1 Bg3 34. Ke2 Bxf4 35. Nd3 Bxd3+ $1 36. Kxd3 Kh7 37. Rc8 Rb7 38. Rbc5 {[%emt 0:00:44] [#]} (38. Rc6 $11 {remains equal.}) 38... Rba7 $1 39. R8c7 (39. Rf8 $17) 39... Rxa5 40. Rxa5 Rxc7 41. Rc5 (41. Ra1 {was worth a try.}) 41... Bxe5 42. Nc8 Bg3 43. Rxc7 Bxc7 44. Ne7 Kh6 45. Ke3 f5 46. Kf3 h4 47. Nc6 g5 48. Nb4 Kh5 49. Nc2 g4+ 50. Kf2 Kg5 51. Ke3 Bb6 52. hxg4 fxg4 53. Ke2 Kf4 54. Kf1 Ke4 55. g3 h3 56. Kg1 Bxd4+ 57. Kh2 Bc3 58. Na3 d4 59. Nb5 Bb4 60. Nxd4 Kxd4 0-1

[Event "Polish Youth G18 Championship 2023"]
[Site "Jastrzebia Gora"]
[Date "2023.03.16"]
[Round "6.11"]
[White "Lochina, Justyna"]
[Black "Bychowska, Marta"]
[Result "1/2-1/2"]
[ECO "C48"]
[WhiteElo "1645"]
[BlackElo "1388"]
[Annotator "NA RC COMBH"]
[PlyCount "61"]
[EventDate "2023.03.11"]
[EventType "swiss"]
[EventCountry "POL"]
[SourceTitle "playchess.com"]
[Source "ChessBase"]
[SourceQuality "1"]
[TimeControl "40/5400+30:1800+30"]

1. e4 e5 2. Nf3 Nf6 3. Nc3 Nc6 4. Bb5 Nd4 5. Bc4 Nxf3+ 6. Qxf3 Bc5 7. d3 O-O 8. Bg5 Be7 9. Bxf6 Bxf6 10. Nd5 d6 11. O-O c6 12. Nxf6+ Qxf6 13. Qxf6 gxf6 14. f4 Be6 15. Bb3 Bxb3 16. axb3 a6 17. Rae1 Rae8 18. Re3 Re7 19. g4 Kg7 20. h4 h6 21. Rg3 Re6 22. g5 hxg5 23. f5 Ree8 24. hxg5 fxg5 25. f6+ Kh6 26. Rf5 Rg8 27. Rh3+ Kg6 28. Rg3 Kh5 29. Rh3+ Kg6 30. Rg3 Kh5 31. Rh3+ 1/2-1/2

[Event "Polish Youth G18 Championship 2023"]
[Site "Jastrzebia Gora"]
[Date "2023.03.16"]
[Round "6.12"]
[White "Gornisiewicz, Natalia"]
[Black "Bialek, Alicja"]
[Result "0-1"]
[ECO "A04"]
[WhiteElo "1287"]
[BlackElo "1576"]
[Annotator "NA RC COMBH"]
[PlyCount "146"]
[EventDate "2023.03.11"]
[EventType "swiss"]
[EventCountry "POL"]
[SourceTitle "playchess.com"]
[Source "ChessBase"]
[SourceQuality "1"]
[TimeControl "40/5400+30:1800+30"]

1. Nf3 b6 2. g3 Bb7 3. Bg2 g6 4. O-O Bg7 5. d4 Nf6 6. c4 O-O 7. Nbd2 d6 8. b3 c5 9. Bb2 cxd4 10. Nxd4 Bxg2 11. Kxg2 Qc8 12. Qc2 Nbd7 13. N4f3 Qb7 14. h4 h5 15. Rg1 Rac8 16. Rac1 Nc5 17. Kf1 e5 18. Ng5 Rfe8 19. b4 Ne6 20. Nde4 Nxe4 21. Qxe4 Qe7 22. Nxe6 Qxe6 23. Kg2 b5 24. cxb5 Qxa2 25. Qb1 Qd5+ 26. e4 Qxb5 27. Ba1 d5 28. exd5 Qxd5+ 29. Kh2 Qd2 30. Qb2 Qd6 31. Rgd1 Qe6 32. Re1 Rxc1 33. Qxc1 Qb6 34. Qb2 f6 35. Kg2 Rb8 36. Rc1 Kh7 37. Qa3 Bf8 38. Bc3 Rc8 39. Bd2 Rd8 40. Be3 Qb7+ 41. Kh2 Rd7 42. Ra1 Bxb4 43. Qxa7 Qxa7 44. Bxa7 Bc3 45. Ra6 Bd4 46. Bb8 Kg7 47. Kg2 Rb7 48. Bd6 Rb2 49. Rc6 Rxf2+ 50. Kh3 Kf7 51. Ra6 Rc2 52. Ra8 Ke6 53. Ra6 Kf5 54. Be7 e4 55. Rd6 Be5 56. Rd1 Rc3 57. Rg1 Ke6 58. Bb4 Rf3 59. Be1 f5 60. Kg2 f4 61. gxf4 Bxf4 62. Bf2 Rd3 63. Re1 Kf5 64. Re2 e3 65. Be1 Kg4 66. Kf1 Rd1 67. Rg2+ Kf3 68. Rf2+ Ke4 69. Rg2 Kd3 70. Rxg6 e2+ 71. Kf2 Be3+ 72. Kf3 Rxe1 73. Rd6+ Bd4 0-1

[Event "Polish Youth G18 Championship 2023"]
[Site "Jastrzebia Gora"]
[Date "2023.03.16"]
[Round "6.13"]
[White "Krzyzosiak, Anna"]
[Black "Bartoszek, Julia"]
[Result "1-0"]
[ECO "B98"]
[WhiteElo "1503"]
[BlackElo "1344"]
[Annotator "NA RC COMBH"]
[PlyCount "65"]
[EventDate "2023.03.11"]
[EventType "swiss"]
[EventCountry "POL"]
[SourceTitle "playchess.com"]
[Source "ChessBase"]
[SourceQuality "1"]
[TimeControl "40/5400+30:1800+30"]

1. e4 c5 2. Nf3 d6 3. d4 cxd4 4. Nxd4 Nf6 5. Nc3 a6 6. Bg5 e6 7. f4 Be7 8. Qe2 h6 9. Bh4 Qc7 10. O-O-O Nbd7 11. g4 b5 12. Bg2 Bb7 13. e5 dxe5 14. fxe5 Ng8 15. Bxe7 Nxe7 16. Ndxb5 axb5 17. Nxb5 Qb6 18. Nd6+ Kf8 19. Nxb7 Rxa2 20. c3 Qb3 21. Rxd7 Ra1+ 22. Kd2 Qxb2+ 23. Ke3 Qb6+ 24. Kf3 Ra8 25. Kg3 Rc8 26. Qd3 g6 27. Rf1 Qb3 28. Nd6 Rh7 29. Nxc8 Nxc8 30. Rd8+ Kg7 31. Rxf7+ Kxf7 32. Qd7+ Ne7 33. Qe8+ 1-0